 Dungeon Crawl Stone Soup version 0.28.0 (webtiles) character file.

Game seed: 13591840714334760698

163 Crownlay the Skirmisher (level 5, -4/43 HPs)
             Began as a Demonspawn Gladiator on Feb 12, 2022.
             Slain by an iguana (5 damage)
             ... on level 4 of the Dungeon.
             The game lasted 00:03:31 (4237 turns).

Crownlay the Skirmisher (Demonspawn Gladiator)      Turns: 4237, Time: 00:03:32

Health: -4/43      AC:  5    Str: 16    XL:     5   Next: 20%
Magic:  5/5        EV: 12    Int: 10    God:
Gold:   126        SH:  0    Dex: 14    Spells: 4/4 levels left

rFire   . . .      SeeInvis .   a - +0 trident
rCold   . . .      Faith    .   (no shield)
rNeg    . . .      Spirit   .   b - +0 leather armour
rPois   .          Reflect  .   c - +0 helmet
rElec   .          Harm     .   (no cloak)
rCorr   +          Rampage  .   k - +0 pair of gloves
Will    .....                   (no boots)
Stlth   +.........              (no amulet)
HPRegen 0.14/turn               q - ring of resist corrosion
MPRegen 0.09/turn               (no ring)

@: no status effects
A: powered by pain 1, weakness stinger 1
a: no special abilities


You were on level 4 of the Dungeon.
You visited 1 branch of the dungeon, and saw 4 of its levels.

You collected 126 gold pieces.

Inventory:

Hand Weapons
 a - a +0 trident (weapon)
Missiles
 d - 3 throwing nets (quivered)
Armour
 b - a +0 leather armour (worn)
 c - a +0 helmet (worn)
 k - a +0 pair of gloves (worn)
Jewellery
 q - a ring of resist corrosion (left hand)
Scrolls
 f - 2 scrolls of teleportation {unknown}
 g - a scroll of fog {unknown}
 h - a scroll of blinking {unknown}
 i - a scroll of magic mapping {unknown}
 l - a scroll of brand weapon {unknown}
 o - a scroll of fear {unknown}
 r - a scroll of summoning {unknown}
 s - a scroll of identify {unknown}
Potions
 e - 2 potions of curing {unknown}
 j - a potion of brilliance {unknown}
 m - a potion of magic {unknown}
 n - a potion of heal wounds {unknown}
 p - a potion of mutation {unknown}


   Skills:
 * Level 4.6 Fighting
 + Level 3.7 Polearms
 - Level 1.7 Throwing
 - Level 2.6 Dodging


You had 4 spell levels left.
You didn't know any spells.
Your spell library contained the following spells:

 Spells                   Type           Power      Damage    Failure   Level
 Magic Dart               Conj           0%         1d3       43%         1
 Sting                    Tmut/Pois      0%         1d3       43%         1
 Searing Ray              Conj           0%         2d4       56%         2
 Fulminant Prism          Conj/Hex       0%         3d6       99%         4


Dungeon Overview and Level Annotations

Branches:
Dungeon (4/15)
 Temple: D:4-7

Altars:

Shops:
D:2 !


Innate Abilities, Weirdness & Mutations

You sometimes gain a little power by taking damage.
You have a small tail.


Message History

The gnoll hits you with a +0 flail!
* * * LOW HITPOINT WARNING * * *
The gnoll hits you with a +0 club.
* * * LOW HITPOINT WARNING * * *
You are too injured to fight recklessly!
You are too injured to fight recklessly!
You are too injured to fight recklessly!
You are too injured to fight recklessly!
You are too injured to fight recklessly!
You are too injured to fight recklessly!
You are too injured to fight recklessly!
You are too injured to fight recklessly!
You are too injured to fight recklessly!
You are too injured to fight recklessly!
You are too injured to fight recklessly!
You are too injured to fight recklessly!
The iguana hisses menacingly.
Okay, then.
There is an open door here.
There is an open door here.
The iguana hisses menacingly.
You hit the iguana but do no damage. You tail-slap the iguana.
The iguana is moderately wounded.
The iguana barely misses you.
You hit the iguana. You tail-slap the iguana.
The iguana is heavily wounded.
The iguana closely misses you.
You barely miss the iguana.
The iguana is heavily wounded.
The iguana bites you but does no damage.
You hit the iguana.
You tail-slap the iguana, but do no damage.
The iguana is severely wounded.
The iguana bites you but does no damage.
You hit the iguana but do no damage.
The iguana is severely wounded.
The iguana bites you!
* * * LOW HITPOINT WARNING * * *
The iguana bites you.
You die...

#...#...............#.....#
#..>#...............#..####
#(..#........########..######
#...#........#...............
#........#...............
#######'##...............
#.....##...####'#######
#.....##...###...#.....
#.....@lg..#.....'.....
##########g..'.....#.....
#..#....##...#.....#....รท
#.......############.....
#.......#................
#.......#................
####'####................
#........................
#........................


You could see an iguana and 2 gnolls.

Vanquished Creatures
  A hound (D:4)
  An iguana (D:4)
  A gnoll (D:4)
  2 adders
  A worm (D:2)
  3 orcs
  5 bats
  7 endoplasms
  3 giant cockroaches
  5 goblins
  5 hobgoblins
  3 jackals (D:4)
  9 quokkas
  5 ball pythons
  7 frilled lizards
  5 kobolds
  7 rats
70 creatures vanquished.

Notes
Turn   | Place    | Note
-------+----------+-------------------------------------------
     0 | D:1      | Crownlay the Demonspawn Gladiator began the quest for the
                  | Orb.
     0 | D:1      | Reached XP level 1. HP: 16/16 MP: 1/1
   562 | D:1      | Gained mutation: You sometimes gain a little power by
                  | taking damage. [demonic ancestry]
   562 | D:1      | Reached XP level 2. HP: 23/23 MP: 2/2
  1107 | D:1      | Found a faded altar of an unknown god.
  1180 | D:1      | Got Plato's Volume of Transmutation
  1248 | D:1      | Reached skill level 3 in Fighting
  1492 | D:1      | Gained mutation: You have a small tail. [demonic ancestry]
  1492 | D:1      | Reached XP level 3. HP: 15/29 MP: 3/3
  1889 | D:2      | Found Qaul's Distillery.
  2383 | D:2      | Identified the +1 robe of Sunlight {Fly}
  3300 | D:3      | Reached XP level 4. HP: 37/37 MP: 4/4
  3817 | D:4      | Reached skill level 4 in Fighting
  3963 | D:4      | Reached XP level 5. HP: 18/43 MP: 5/5
  4237 | D:4      | HP: 1/43 [iguana (11)]
  4237 | D:4      | Slain by an iguana

Illustrated notes

Levels and vault maps discovered:
D:1:      dpeg_arrival_circle_labyrinth_c, layout_basic,
          shapermc_ecumenical_altar_rom_forum, serial_co_window_serial,
          co_window_corner_a, co_window_paths_b, co_window_paths_b,
          co_window_corner_a, co_window_of_opportunity_a, co_window_paths_a,
          co_window_unsneaky_path_c, co_window_broadway_a,
          co_window_unsneaky_path_d, co_window_unsneaky_path_e,
          co_window_corner_ca, glass_columns_a, glass_columns_c,
          glass_columns_b, serial_bayou_pond_e
D:2:      layout_basic, serial_shops, nicolae_shop_hallway_stairs
D:3:      layout_loops_ring, chequers_serial_rivers_room_b,
          kennysheep_generic_room_14
D:4:      layout_gridville, kb_xom_exploding_sheep, uniq_natasha

Skill      XL: |  1  2  3  4 |
---------------+-------------+-----
Polearms       | 3 |  3.7
Fighting       | 3 4 |  4.6
Throwing       | |  1.7
Dodging        | |  2.6

Action                   |  1- 3 |  4- 6 || total
-------------------------+-------+-------++-------
Melee: Trident           |   170 |    63 ||   233
       Tailslap          |    10 |    13 ||    23
       Punch             |     1 |     1 ||     2
 Stab: Sleeping          |     2 |       ||     2
Armor: Leather armour    |    40 |    15 ||    55
Dodge: Dodged            |    77 |    31 ||   108
